 Dungeon Crawl Stone Soup version 0.30-a0-169-g06f667207d (webtiles) character file.

Game seed: 14710436387706727372

1999 Decritt the Fighter (level 9, -4/72 HPs)
             Began as a Djinni Conjurer on Sept 30, 2022.
             Was a Follower of Makhleb.
             Slain by Joseph
             ... wielding a +0 quarterstaff
              (17 damage)
             ... on level 7 of the Dungeon.
             The game lasted 00:16:44 (9216 turns).

Decritt the Fighter (Djinni Conjurer)               Turns: 9216, Time: 00:16:45

Health: -4/72      AC:  3    Str:  6    XL:     9   Next: 45%
Gold:   427        EV: 13    Int: 24    God:    Makhleb [*.....] SH:  0 Dex: 12

rFire   + + .      SeeInvis .    B - +10 hand axe of Ruhanaab {vorpal, MP+9 Stlth+}
rCold   x . .      Faith    .    (no shield)
rNeg    . . .      Spirit   .    a - +0 robe
rPois   ∞          Reflect  .    (no helmet)
rElec   .          Harm     .    m - scarf {shadows}
rCorr   .          Rampage  .    w - +0 pair of gloves
Will    .....                    (boots unavailable)
Stlth   +++.......               j - amulet of the acrobat
HPRegen 0.22/turn                (no ring)
MPRegen 0.00/turn                (no ring)

@: flying
A: sickness immunity, fire resistance 2, cold vulnerability 1, float, innate
caster, HP casting, extra vitality 1
a: Renounce Religion


You were on level 7 of the Dungeon.
You worshipped Makhleb.
Makhleb was aware of your devotion.
You visited 1 branch of the dungeon, and saw 7 of its levels.

You collected 427 gold pieces.

Inventory:

Hand Weapons
 s - a +3 vampiric war axe
 B - the +10 hand axe of Ruhanaab (weapon) {vorpal, MP+9 Stlth+}
   (You found it on level 6 of the Dungeon)

   It inflicts extra damage upon your enemies.
   MP:        It affects your magic capacity (+9).
   Stlth:     It makes you more stealthy.
Missiles
 l - 3 throwing nets
Armour
 a - a +0 robe (worn)
 m - a scarf of shadows (worn)
 u - a +1 ring mail of cold resistance
 w - a +0 pair of gloves (worn)
Jewellery
 b - a ring of wizardry
 j - an amulet of the acrobat (around neck)
 t - an amulet of regeneration
 x - a ring of fire
Wands
 k - a wand of paralysis (18)
 o - a wand of light (8)
 y - a wand of flame (26)
Scrolls
 c - a scroll of immolation
 i - a scroll of butterflies
 q - a scroll of fear
 v - a scroll of poison
 z - a scroll of blinking
 C - a scroll of magic mapping {unknown}
 D - a scroll of teleportation {unknown}
Potions
 d - 3 potions of cancellation
 e - 2 potions of ambrosia
 g - a potion of heal wounds {unknown}
 h - 2 potions of lignification
 n - a potion of flight {unknown}
 p - a potion of might {unknown}
 A - a potion of attraction {unknown}


   Skills:
 * Level 9.1 Fighting
 + Level 4.4 Dodging
 - Level 1.5 Stealth
 + Level 5.9 Spellcasting


You couldn't memorise any spells.
You knew the following spells:

 Your Spells              Type           Power      Damage    Failure   Level
a - Magic Dart            Conj           100%       1d8       1%          1
b - Searing Ray           Conj           70%        2d7       1%          2
c - Fulminant Prism       Conj/Hex       17%        3d11      7%          4
d - Freeze                Ice            100%       1d11      1%          1
e - Iskenderun's Mystic   Conj/Tloc      35%        2d8       7%          4
f - Dazzling Flash        Conj/Hex       70%        N/A       1%          3
g - Ensorcelled Hibernat  Hex/Ice        70%        N/A       1%          2
h - Spider Form           Tmut/Pois      35%        N/A       1%          3
i - Anguish               Hex/Necr       17%        N/A       7%          4
Your spell library was empty.

Dungeon Overview and Level Annotations

Branches:
Dungeon (7/15)             Temple (0/1) D:5

Altars:
Ashenzari
Cheibriados
Elyvilon
Makhleb
Qazlal
Trog

Shops:
D:5 =

Annotations:
D:2 1 runed translucent door, Crazy Yiuf
D:7 Duvessa, Joseph


Innate Abilities, Weirdness & Mutations

You are immune to sickness and miasma.
You are immune to poison.
Your flesh is very heat resistant. (rF++)
You are vulnerable to cold. (rC-)
You float through the air rather than walking.
You learn spells naturally, not from books.
Your magical power is your life essence.
You have superior vitality. (+4 MHP)


Message History

Casting: Magic Dart (safe; 1% risk of failure)
Confirm with . or Enter, or press ? or * to list all spells.
Aiming: Searing Ray (safe; 1% risk of failure)
Press: ? - help, Shift-Dir - straight line, f/p - hound
Aim: a hound (severely wounded, 73% to hit)
The searing ray hits the hound.
You kill the hound!
Makhleb accepts your kill. (Press . to maintain the ray.)
Casting: Searing Ray (safe; 1% risk of failure)
Confirm with . or Enter, or press ? or * to list all spells.
Restarting spell: Searing Ray (safe; 1% risk of failure)
Press: ? - help, Shift-Dir - straight line, f - Joseph
Aim: Joseph, wielding a +0 sling and wearing a +0 ring mail (83% to hit)
The searing ray hits Joseph.
Joseph is lightly wounded. (Press . to maintain the ray.) Joseph shoots a sling bullet.
The sling bullet hits you!
The searing ray hits Joseph!
Joseph is lightly wounded.
Joseph shoots a sling bullet.
The sling bullet hits you!!
* * * LOW HITPOINT WARNING * * *
The searing ray hits Joseph.
Joseph is moderately wounded.
* * * LOW HITPOINT WARNING * * *
Joseph shoots a sling bullet.
The sling bullet hits you!
* * * LOW HITPOINT WARNING * * *
You feel better.
You slash Joseph!
Joseph is heavily wounded.
Joseph unwields a +0 sling.
Joseph wields a +0 quarterstaff.
Joseph hits you with a +0 quarterstaff!
* * * LOW HITPOINT WARNING * * *
You closely miss Joseph.
Joseph is heavily wounded.
Joseph closely misses you.
You hit Joseph.
Joseph is heavily wounded.
Joseph hits you with a +0 quarterstaff!
You die...

#.#...†###.....###.#
#......# #.........##
.###.#.##.###..#####...
.....#.##......# #..###
........###.##.# #.....
#...........##.# #...#
#..#.#......>..#####...#
#..#.##.###.##.......#.##
#..#....@...........###.#
#..####@##.........## ##.
#..###.#†######.###.###.#
#..##:###@# #.# ##.#...
#..###.#.## #.#####<###
#..###..## ###.#.......<
#.....@#### #...#.#######
#.#.......# #.###.#
#.#.......# #.# #.#


You could see Joseph.

Vanquished Creatures
  Grinder (D:3)
  A steam dragon (D:5)
  2 ice beasts
  2 sky beasts
  A black bear (D:4)
  2 phantoms
  5 bullfrogs (D:6)
  3 scorpions
  A howler monkey (D:6)
  A hound (D:7)
  5 orc priests
  A jelly (D:6)
  2 iguanas (D:4)
  4 orc wizards
  6 adders
  A shadow imp (D:6)
  6 worms
  7 dart slugs
  22 orcs
  5 ball pythons
  6 bats
  7 endoplasms
  3 giant cockroaches
  3 hobgoblins
  7 kobolds
  A quokka (D:2)
  A frilled lizard (D:3)
  6 goblins
  2 rats
  A fulminant prism (D:6)
115 creatures vanquished.

Vanquished Creatures (others)
  7 fulminant prisms
7 creatures vanquished.

Grand Total: 122 creatures vanquished

Notes
Turn   | Place    | Note
-------+----------+-------------------------------------------
     0 | D:1      | Decritt the Djinni Conjurer began the quest for the Orb.
     0 | D:1      | Decritt set off with the following spells memorised: Magic
                  | Dart, Searing Ray, Dazzling Flash, Fulminant Prism,
                  | Iskenderun's Mystic Blast.
     0 | D:1      | Reached XP level 1. HP: 15/15 MP: 0/0
   176 | D:1      | Reached skill level 1 in Fighting
   371 | D:1      | Reached XP level 2. HP: 19/22 MP: 0/0
   461 | D:1      | Found a faded altar of an unknown god.
   736 | D:1      | Reached XP level 3. HP: 25/28 MP: 0/0
   736 | D:1      | Learned a level 1 spell: Freeze
   890 | D:1      | Reached skill level 2 in Fighting
  1587 | D:2      | Found a runed translucent door.
  1588 | D:2      | Noticed Crazy Yiuf
  1705 | D:2      | Found a burning altar of Makhleb.
  1721 | D:2      | Reached XP level 4. HP: 22/34 MP: 0/0
  1828 | D:2      | Became a worshipper of Makhleb the Destroyer
  2389 | D:3      | Reached skill level 3 in Fighting
  2443 | D:3      | Found a broken altar of Ashenzari.
  2571 | D:3      | Noticed Grinder
  2587 | D:3      | Killed Grinder
  2588 | D:3      | Reached skill level 4 in Fighting
  2588 | D:3      | Reached XP level 5. HP: 3/42 MP: 0/0
  2588 | D:3      | Learned a level 2 spell: Ensorcelled Hibernation
  2588 | D:3      | Reached XP level 6. HP: 4/49 MP: 0/0
  3049 | D:3      | You are sucked into a shaft and drop 1 floor!
  3052 | D:4      | Noticed a black bear
  3057 | D:4      | Killed a black bear
  3058 | D:4      | Reached skill level 5 in Fighting
  3058 | D:4      | Reached XP level 7. HP: 43/54 MP: 0/0
  3058 | D:4      | Learned a level 3 spell: Spider Form
  4642 | D:4      | Reached * piety under Makhleb
  4862 | D:4      | Reached skill level 6 in Fighting
  5226 | D:5      | Entered Level 5 of the Dungeon
  5265 | D:5      | Found a bloodstained altar of Trog.
  5267 | D:5      | Found a snail-covered altar of Cheibriados.
  5541 | D:5      | Noticed a steam dragon
  5557 | D:5      | Killed a steam dragon
  5558 | D:5      | Reached skill level 5 in Spellcasting
  5558 | D:5      | Reached XP level 8. HP: 25/62 MP: 0/0
  5952 | D:5      | Reached skill level 7 in Fighting
  6243 | D:5      | Found Syhic's Jewellery Boutique.
  6352 | D:5      | Found a staircase to the Ecumenical Temple.
  7066 | D:6      | Identified the +10 hand axe of Ruhanaab {vorpal, MP+9
                  | Stlth+}
  7250 | D:6      | Reached skill level 8 in Fighting
  7654 | D:6      | Reached XP level 9. HP: 67/70 MP: 0/0
  7654 | D:6      | Learned a level 4 spell: Anguish
  8283 | D:6      | Found a white marble altar of Elyvilon.
  8629 | D:6      | Found a stormy altar of Qazlal.
  8797 | D:7      | Noticed Duvessa
  8797 | D:7      | Noticed Joseph
  9017 | D:7      | Reached skill level 9 in Fighting
  9216 | D:7      | Slain by Joseph

Illustrated notes

Levels and vault maps discovered:
D:1:      grunt_arrival_crossed_arrows, layout_basic,
          ebering_ecumenical_altar_mist, minmay_pentomino_w2
D:2:      layout_basic, basic_altar, uniq_crazy_yiuf_cottage
D:3:      layout_rooms, amcnicky_altar_gilded, uniq_grinder
D:4:      layout_loops_corners, kennysheep_mini_moat, kennysheep_generic_room_7
D:5:      layout_basic, nicolae_overflow_squiral, temple_hall_moat,
          nicolae_sextant, minmay_shop_enchanted_jewellery, minmay_fountain_box
D:6:      layout_gridville, mainiacjoe_overflow_concentric_impassable,
          grunt_qazlal_clouds
D:7:      layout_loops_ring, lemuel_zombie_altar_kikubaaqudgha, uniq_duvessa,
          uniq_joseph

Skill      XL: |  1  2  3  4  5  6  7  8  9 |
---------------+----------------------------+-----
Fighting       | 1 2 4 5 6 8 9 |  9.1
Spellcasting   | 4 5 |  5.9
Dodging        | 3 4 |  4.4
Stealth        | |  1.5

Action                   |  1- 3 |  4- 6 |  7- 9 || total
-------------------------+-------+-------+-------++-------
Melee: Unarmed           |     7 |       |    14 ||    21
       War axe           |       |       |    37 ||    37
       Punch             |       |       |     1 ||     1
       Hand axe          |       |       |    26 ||    26
 Cast: Magic Dart        |    77 |    50 |   140 ||   267
       Freeze            |     5 |     7 |     7 ||    19
       Searing Ray       |       |     4 |    13 ||    17
       Fulminant Prism   |       |     2 |     6 ||     8
       Spider Form       |       |       |     2 ||     2
  Use: Scroll            |       |       |    13 ||    13
       Potion            |       |       |     1 ||     1
Armor: Robe              |       |     1 |    19 ||    20
Dodge: Dodged            |    13 |    10 |    89 ||   112

Table legend: (Time is in decaauts)
 A = Elapsed time spent in this place.
 B = Non-inter-level travel time spent in this place.
 C = Inter-level travel time spent in this place.
 D = Time resting spent in this place.
 E = Time spent auto-exploring this place.
 F = Levels seen in this place.
 G = Mean time per level.
                   A        B        C        D        E       F      G
               +--------+--------+--------+--------+--------+-----+--------+
         Total |   9241 |   9054 |    187 |   2289 |   5866 |   7 | 1320.1 |
       Dungeon |   9241 |   9054 |    187 |   2289 |   5866 |   7 | 1320.1 |
               +--------+--------+--------+--------+--------+-----+--------+

Top non-repeatable levels by time:
     D:6: 1968 daAuts
     D:4: 1781 daAuts
     D:5: 1745 daAuts
     D:1: 1198 daAuts
     D:2: 1152 daAuts
     D:3: 1109 daAuts
     D:7: 284 daAuts
